 Dungeon Crawl Stone Soup version 0.27-a0-1308-gc08437e49b (webtiles) character file.

Game seed: 16886082795468628277

880 bilbop the Sneak (level 7, -1/35 HPs)
             Began as a Spriggan Summoner on June 19, 2021.
             Was an Initiate of Yredelemnul.
             Slain by a gnoll sergeant (7 damage)
             ... on level 6 of the Dungeon.
             The game lasted 00:53:41 (8068 turns).

bilbop the Sneak (Spriggan Summoner)                Turns: 8068, Time: 00:53:41

Health: -1/35      AC:  2    Str:  5    XL:     7   Next: 75%
Magic:  7/16       EV: 20    Int: 16    God:    Yredelemnul [......]
Gold:   204        SH:  0    Dex: 17    Spells: 13/16 levels left

rFire    . . .     SeeInvis +   a - +2 dagger (venom)
rCold    + . .     Faith    .   (shield restricted)
rNeg     . . .     Spirit   .   q - +0 robe
rPois    .         Reflect  .   (helmet restricted)
rElec    .         Harm     .   (no cloak)
rCorr    .         Rampage  .   (gloves unavailable)
Will     +....                  (boots unavailable)
Stlth    ++++......             (no amulet)
HPRegen  0.11/turn              f - +4 ring of slaying
MPRegen  0.15/turn              j - ring of protection from cold

@: very quick
A: very small, no large weapons, unfitting armour, see invisible, speed 3
a: Renounce Religion


You were on level 6 of the Dungeon.
You worshipped Yredelemnul.
Yredelemnul was noncommittal.
You visited 2 branches of the dungeon, and saw 7 of its levels.

You collected 204 gold pieces.

Inventory:

Hand Weapons
 a - a +2 dagger of venom (weapon)
 b - a +0 hunting sling
 t - a +1 dagger of speed
Armour
 q - a +0 robe (worn)
Jewellery
 f - a +4 ring of slaying (left hand)
 j - a ring of protection from cold (right hand)
Wands
 z - a wand of paralysis (5)
Scrolls
 c - 3 scrolls of fog
 e - a scroll of identify
 o - a scroll of enchant armour {unknown}
 p - a scroll of silence {unknown}
 s - a scroll of teleportation {unknown}
 v - a scroll of brand weapon {unknown}
 w - a scroll of vulnerability {unknown}
 y - a scroll of enchant weapon {unknown}
 B - a scroll of blinking {unknown}
Potions
 d - a potion of degeneration {unknown}
 g - 5 potions of curing
 h - a potion of resistance {unknown}
 i - a potion of flight {unknown}
 l - 2 potions of brilliance
 n - a potion of berserk rage {unknown}
 u - 3 potions of lignification
 x - a potion of heal wounds {unknown}
 A - a potion of magic {unknown}


   Skills:
 + Level 2.3 Fighting
 + Level 5.9 Dodging
 + Level 7.0 Stealth
 + Level 5.4 Spellcasting
 + Level 4.7 Summonings
 + Level 1.1 Invocations


You had 13 spell levels left.
You knew the following spells:

 Your Spells              Type           Power      Damage    Failure   Level
a - Summon Small Mammal   Summ           76%        N/A       2%          1
b - Call Imp              Summ           19%        N/A       3%          2

Your spell library contained the following spells:

 Spells                   Type           Power      Damage    Failure   Level
 Call Canine Familiar     Summ           19%        N/A       6%          3
 Freeze                   Ice            16%        1d4       14%         1
 Summon Guardian Golem    Hex/Summ       11%        N/A       17%         3
 Frozen Ramparts          Ice            8%         1d2       41%         3
 Ozocubu's Armour         Ice            4%         N/A       41%         3
 Summon Ice Beast         Ice/Summ       11%        N/A       50%         4
 Summon Lightning Spire   Summ/Air       11%        N/A       50%         4
 Hailstorm                Conj/Ice       4%         3d4       82%         4
 Metabolic Englaciation   Hex/Ice        2%         N/A       99%         5


Dungeon Overview and Level Annotations

Branches:
Dungeon (6/15)             Temple (1/1) D:4

Altars:
Ashenzari
Dithmenos
Elyvilon
Gozag
Kikubaaqudgha
Makhleb
Nemelex Xobeh
Okawaru
Qazlal
Ru
Sif Muna
Uskayaw
Vehumet
Wu Jian
Xom
Yredelemnul
Zin
The Shining One

Shops:
D:3 =


Innate Abilities, Weirdness & Mutations

You are very small and have problems with some larger weapons.
You are too small for most types of armour.
You have supernaturally acute eyesight. (SInv)
You cover ground extremely quickly. (Speed+++)


Message History

Confirm with . or Enter, or press ? or * to list all spells.
You miscast Summon Small Mammal.
You are very lightly contaminated with residual magic.
Nothing appears to happen.
Your crimson imp blinks!
Casting: Summon Small Mammal (safe; 2% risk of failure)
Confirm with . or Enter, or press ? or * to list all spells.
The gnoll sergeant misses you.
Your crimson imp blinks!
Casting: Summon Small Mammal (safe; 2% risk of failure)
Confirm with . or Enter, or press ? or * to list all spells.
The gnoll sergeant hits you from afar with a +0 spear!
The gnoll barely misses you.
Casting: Summon Small Mammal (safe; 2% risk of failure)
Confirm with . or Enter, or press ? or * to list all spells.
The gnoll sergeant barely misses you.
Your quokka closely misses the gnoll sergeant.
The gnoll hits you with a +0 whip!
Your rat bites the gnoll sergeant.
Your bat barely misses the gnoll sergeant.
Your crimson imp blinks!
The gnoll sergeant barely misses you.
Your rat bites the gnoll sergeant but does no damage.
The gnoll sergeant hits you from afar with a +0 spear!
* * * LOW HITPOINT WARNING * * *
Your bat barely misses the gnoll sergeant.
Your quokka bites the gnoll sergeant.
Your crimson imp hits the gnoll sergeant but does no damage.
Your rat closely misses the gnoll sergeant.
Your bat hits the gnoll sergeant but does no damage.
Your crimson imp hits the gnoll sergeant.
The howler monkey skeleton hits your crimson imp but does no damage.
Your rat bites the gnoll sergeant but does no damage.
Your magical contamination has completely faded away.
You open the door. Your bat hits the gnoll.
Your bat barely misses the gnoll.
Your quokka bites the gnoll sergeant but does no damage.
Your crimson imp blinks!
Your bat hits the gnoll sergeant.
The gnoll sergeant hits you from afar with a +0 spear!
You die...
Your body rises from the dead as a mindless zombie.

..# # .... #.. #####
..# #. .... #.### #....
..#.#.##..# .... +....
.(.5Z.....#####'#######
#.o..
###.#.#...#.......$...#
#....
..#.#.#...#...b.......#
#....
#.#.#.#...Z..rg.......#
#....
#.#.#.#.....5rg.......#
#....
#.#.#.#...######@######
#.... #.#.#.#...# #.#
#.... ..#.#.....# #.#
#.Y.. #.........# #.#
##### #.... ..#.###...#
#.# #...# #####
..#.#..)...... ..#
#...# #.#.#.#.######
### #...# #.#.#.#.#
#...# # #.# ..# #...#


You could see a gnoll sergeant (ally target), a gnoll, a howler monkey skeleton,
a friendly crimson imp (summoned), a friendly quokka (summoned), a friendly bat
(summoned) and a friendly rat (summoned).

Vanquished Creatures
  Menkaure (D:5)
  A phantom (D:3)
  2 water moccasin zombies (D:5)
  A bullfrog zombie (D:5)
  3 orc wizards
  An iguana (D:5)
  Ijyb (D:5)
  A hound skeleton (D:5)
  2 adders
  A gnoll (D:5)
  A howler monkey skeleton (D:6)
  A worm (D:2)
  2 orcs (D:3)
  4 bats
  3 endoplasms
  4 giant cockroaches
  5 goblins
  5 jackals
  A quokka (D:5)
  5 ball pythons (D:1)
  5 kobolds
  A rat (D:2)
51 creatures vanquished.

Vanquished Creatures (collateral kills)
  Grinder (D:3)
  A water moccasin (D:6)
  An ogre (D:4)
  Blork the orc (D:5)
  A jelly (D:5)
  Robin (D:2)
  4 gnolls (D:5)
  2 adders
  2 dart slugs
  11 orcs
  An endoplasm (D:1)
  A giant cockroach (D:1)
  9 goblins
  5 hobgoblins
  6 jackals
  4 ball pythons
  A bat (D:1)
  3 frilled lizards
  3 kobolds (D:1)
  5 rats
63 creatures vanquished.

Grand Total: 114 creatures vanquished

Notes
Turn   | Place    | Note
-------+----------+-------------------------------------------
     0 | D:1      | bilbop the Spriggan Summoner began the quest for the Orb.
     0 | D:1      | Reached XP level 1. HP: 9/9 MP: 5/5
   485 | D:1      | Reached XP level 2. HP: 13/13 MP: 2/6
  1305 | D:1      | Reached XP level 3. HP: 16/16 MP: 5/8
  1862 | D:2      | Reached skill level 4 in Stealth
  2014 | D:2      | Noticed Robin
  2439 | D:2      | Killed Robin
  2573 | D:3      | Noticed a phantom
  2634 | D:3      | Killed a phantom
  2635 | D:3      | Reached XP level 4. HP: 2/21 MP: 0/10
  2981 | D:3      | Found a broken altar of Ashenzari.
  3114 | D:3      | Found Feteon's Jewellery Shop.
  3152 | D:3      | Reached XP level 5. HP: 21/24 MP: 5/11
  3517 | D:3      | Found a burning altar of Makhleb.
  3686 | D:3      | Noticed Grinder
  3691 | D:3      | Learned a level 2 spell: Call Imp
  3797 | D:3      | Killed Grinder
  3798 | D:3      | Reached skill level 1 in Fighting
  3798 | D:3      | Reached skill level 5 in Stealth
  3798 | D:3      | Reached XP level 6. HP: 9/30 MP: 1/13
  4429 | D:4      | Found a staircase to the Ecumenical Temple.
  4447 | Temple   | Entered the Ecumenical Temple
  4565 | Temple   | Became a worshipper of Yredelemnul the Dark
  5847 | D:5      | Entered Level 5 of the Dungeon
  5873 | D:5      | Reached skill level 5 in Dodging
  5948 | D:5      | Noticed Ijyb
  5961 | D:5      | Killed Ijyb
  5962 | D:5      | Reached skill level 6 in Stealth
  6037 | D:5      | Noticed Menkaure
  6044 | D:5      | Killed Menkaure
  6045 | D:5      | Reached XP level 7. HP: 19/34 MP: 15/15
  6230 | D:5      | Reached skill level 5 in Spellcasting
  6351 | D:5      | Noticed Blork the orc
  6640 | D:5      | Killed Blork the orc
  7950 | D:6      | Reached skill level 7 in Stealth
  7950 | D:6      | Reached skill level 1 in Invocations
  8068 | D:6      | Slain by a gnoll sergeant

Illustrated notes

Levels and vault maps discovered:
D:1:      minmay_arrival_solitary_statue, layout_loops_corners,
          minmay_tree_intersection, chequers_jeans, minmay_hexomino_c4
D:2:      layout_rooms, uniq_robin
D:3:      layout_loops_ring, lemuel_round_altar, nicolae_ashenzari_panopticon,
          serial_shops, shop, uniq_grinder
D:4:      layout_layer_cave, minmay_temple_entry_slanted
D:5:      layout_basic, uniq_ijyb, uniq_menkaure, uniq_blork_the_orc
D:6:      layout_basic
Temple:   lightli_temple_of_artemis

Skill      XL: |  1  2  3  4  5  6  7 |
---------------+----------------------+-----
Dodging        | 3 4 5 |  5.9
Spellcasting   | 3 4 5 |  5.4
Stealth        | 4 5 6 7 |  7.0
Fighting       | 1 2 |  2.3
Summonings     | 4 |  4.7
Invocations    | 1 |  1.1

Action                   |  1- 3 |  4- 6 |  7- 9 || total
-------------------------+-------+-------+-------++-------
Melee: Dagger            |   108 |    53 |    33 ||   194
 Cast: Summon Small Mamm |    77 |    41 |    13 ||   131
       Call Imp          |       |    16 |    41 ||    57
  Use: Scroll            |       |       |     5 ||     5
 Stab: Sleeping          |     7 |     7 |     6 ||    20
       Distracted        |     1 |       |       ||     1
Armor: Robe              |    14 |     2 |       ||    16
Dodge: Dodged            |   129 |    48 |    44 ||   221

Table legend: (Time is in decaauts)
 A = Elapsed time spent in this place.
 B = Non-inter-level travel time spent in this place.
 C = Inter-level travel time spent in this place.
 D = Time resting spent in this place.
 E = Time spent auto-exploring this place.
 F = Levels seen in this place.
 G = Mean time per level.
                   A        B        C        D        E       F      G
               +--------+--------+--------+--------+--------+-----+--------+
         Total |   6342 |   6117 |    225 |   1783 |   3200 |   7 |  906.0 |
       Dungeon |   6257 |   6050 |    207 |   1783 |   3139 |   6 | 1042.8 |
        Temple |     84 |     66 |     18 |      0 |     60 |   1 |   84.0 |
               +--------+--------+--------+--------+--------+-----+--------+

Top non-repeatable levels by time:
     D:1: 1541 daAuts
     D:5: 1426 daAuts
     D:3: 1290 daAuts
     D:4: 1051 daAuts
     D:2: 741 daAuts
     D:6: 206 daAuts
  Temple: 84 daAuts
